 Dungeon Crawl Stone Soup version 0.30.0-5-g1a98f26d00 (webtiles) character file.

Game seed: 14835349620146232211

9188 Jarnaxa the Thaumaturge (level 11, -17/50 (55) HPs)
             Began as a Deep Elf Fire Elementalist on May 12, 2023.
             Was a Priest of Vehumet.
             Killed from afar by Nergalle (34 damage)
             ... with a bolt of negative energy
             ... on level 10 of the Dungeon.
             The game lasted 00:42:54 (12793 turns).

Jarnaxa the Thaumaturge (DEFE)                     Turns: 12793, Time: 00:42:56

HP:   -17/50 (55)   AC:  5    Str:  5    XL:     11   Next: 19%
MP:   22/38         EV: 13    Int: 25    God:    Vehumet [***...]
Gold: 1386          SH:  0    Dex: 15    Spells: 12/35 levels left

rFire   . . .        k - staff of conjuration
rCold   + . .        (no shield)
rNeg    . . .        n - +2 robe {Will+}
rPois   .            u - +0 hat
rElec   .            (no cloak)
rCorr   .            (no gloves)
SInv    .            q - +0 pair of boots
Will    ++...        r - amulet of faith
Stlth   +++          a - ring of magical power
HPRegen 0.28/turn    f - ring of protection from cold
MPRegen 0.26/turn

%: faith
@: drained
A: no striking features
a: Renounce Religion


You were on level 10 of the Dungeon.
You worshipped Vehumet.
Vehumet was most pleased with you.
You visited 3 branches of the dungeon, and saw 12 of its levels.

You collected 1386 gold pieces.

Inventory:

Missiles
 x - a throwing net
Armour
 n - a +2 robe of willpower (worn)
 q - a +0 pair of boots (worn)
 u - a +0 hat (worn)
Magical Staves
 k - a staff of conjuration (weapon)
Jewellery
 a - a ring of magical power (left hand)
 f - a ring of protection from cold (right hand)
 m - a +6 ring of dexterity
 r - an amulet of faith (around neck)
Wands
 b - a wand of roots (1)
 s - a wand of paralysis (13)
 w - a wand of mindburst (9)
Scrolls
 p - a scroll of enchant weapon
 y - a scroll of identify
Potions
 c - 2 potions of brilliance
 d - 4 potions of mutation
 e - 8 potions of curing
 g - 2 potions of ambrosia
 h - 2 potions of lignification
 i - 2 potions of flight
 j - a potion of magic
 l - a potion of invisibility
 o - a potion of attraction {unknown}
 t - 3 potions of might


   Skills:
 + Level 0.5 Fighting
 + Level 3.5 Dodging
 + Level 4.8 Stealth
 + Level 12.9 Spellcasting
 * Level 11.6 Conjurations
 + Level 9.5 Fire Magic
 + Level 2.0 Ice Magic
 + Level 1.6 Air Magic
 + Level 2.0 Earth Magic
 + Level 2.2 Poison Magic
 + Level 0.1 Evocations


You had 12 spell levels left.
You knew the following spells:

 Your Spells              Type           Power      Damage    Failure   Level
a - Foxfire               Conj/Fire      100%       2x1d9     1%          1
b - Scorch                Fire           100%       2d9       1%          2
c - Mephitic Cloud        Conj/Pois/Air  58%        N/A       1%          3
d - Hailstorm             Conj/Ice       66%        3d14      1%          3
e - Flame Wave            Conj/Fire      81%        2d18      1%          4
f - Sandblast             Erth           52%        2d12      1%          1
g - Searing Ray           Conj           100%       2d8       1%          2
h - Orb of Destruction    Conj           42%        9d12      7%          7

Your spell library contained the following spells:

 Spells                   Type           Power      Damage    Failure   Level
 Sticky Flame             Conj/Fire      81%        2d9       1%          4
 Inner Flame              Hex/Fire       40%        N/A       1%          3
 Volatile Blastmotes      Fire/Tloc      80%        2d16      1%          3
 Sting                    Tmut/Pois      84%        1d7       2%          1
 Necrotise                Necr           64%        1d7       3%          1
 Summon Small Mammal      Summ           64%        N/A       3%          1
 Call Canine Familiar     Summ           16%        N/A       11%         3
 Portal Projectile        Hex/Tloc       32%        N/A       11%         3
 Summon Guardian Golem    Hex/Summ       16%        N/A       11%         3
 Tukima's Dance           Hex            16%        N/A       11%         3
 Vampiric Draining        Necr           16%        2d7       11%         3
 Ice Form                 Ice/Tmut       21%        N/A       24%         4
 Petrify                  Tmut/Erth      21%        N/A       24%         4
 Spellforged Servitor     Conj/Summ      30%        N/A       54%         7
 Agony                    Necr           16%        N/A       71%         5
 Blade Hands              Tmut           8%         N/A       71%         5
 Simulacrum               Ice/Necr       10%        N/A       98%         6
 Statue Form              Tmut/Erth      14%        N/A       98%         6


Dungeon Overview and Level Annotations

Branches:
Dungeon (10/15)            Temple (1/1) D:4            Lair (1/5) D:8
    Orc: D:9-12

Altars:
Ashenzari
Cheibriados
Dithmenos
Elyvilon
Gozag
Hepliaklqana
Kikubaaqudgha
Makhleb
Nemelex Xobeh
Okawaru
Qazlal
Ru
Sif Muna
Trog
Uskayaw
Vehumet
Wu Jian
Xom
Yredelemnul
Zin
The Shining One

Shops:
D:2 *   D:4 !

Annotations:
D:10 Nergalle


Message History

The spectral orc knight hits you with a +0 war axe!
The spectral orc warrior misses you.
Casting: Flame Wave (safe; 1% risk of failure)
Confirm with . or Enter, or press ? or * to list all spells.
Okay, then.
You feel much better.
The spectral orc knight hits you with a +0 war axe!
The spectral orc warrior barely misses you.
The spectral orc knight hits you with a +3 long sword!
Casting: Flame Wave (safe; 1% risk of failure)
Confirm with . or Enter, or press ? or * to list all spells.
Casting: Flame Wave (safe; 1% risk of failure)
Press: ? - help, Dir - look around, f - activate You feel a surge of power!
A wave of flame ripples out!
The flame wave engulfs the spectral orc warrior!
You destroy the spectral orc warrior!
The spectral orc warrior disappears in a puff of smoke!
The flame wave engulfs the spectral orc knight.
The spectral orc knight is lightly damaged.
The flame wave engulfs the spectral orc knight!
The spectral orc knight is severely damaged. (Press . to intensify the flame waves.)
You hear two shouts!
The spectral orc knight closely misses you.
The spectral orc knight hits you with a +3 long sword!
You feel drained.
A two-headed ogre comes into view.
It is wielding a +0 giant club and a +0 dire flail.
A wave of flame ripples out!
The flame wave engulfs the spectral orc knight.
The spectral orc knight is lightly damaged.
The flame wave engulfs the spectral orc knight!
The spectral orc knight is almost destroyed.
The spectral orc knight closely misses you.
The spectral orc knight barely misses you.
Nergalle points at you and mumbles some strange words.
The bolt of negative energy hits the spectral orc knight.
The spectral orc knight completely resists.
The bolt of negative energy hits you!!
You feel drained.
Ouch! That really hurt!
You die...

... ...............
.............#.##
...........#.....#
.............#.#.#######
...........#.......))...
.............#.......)..
#...Z...#........)..)
#...@.....#........##
#...Z...#..........#
####.§.......#........#
........°...#..........##
........o.....#..........
##..###.##.......####....
#.. #O########## #..##
... #.. #..# . ... #..##


You could see Nergalle, a two-headed ogre and 2 spectral orc knights.

Vanquished Creatures
  A two-headed ogre (D:10)
  A fire crab (D:8)
  A cane toad (Lair:1)
  A kobold demonologist (D:6)
  2 wyverns
  16 yaks
  Menkaure (D:4)
  2 acid dragons
  5 water moccasins
  Duvessa (D:4)
  4 orc warriors
  A black bear (Lair:1)
  An ogre (D:3)
  3 centaurs
  2 phantoms
  2 kobold brigands (D:8)
  3 bullfrogs
  A gnoll sergeant (D:10)
  A scorpion (D:5)
  9 wights
  Dowan (D:4)
  9 killer bees
  7 howler monkeys
  An electric eel (D:9)
  6 hounds
  5 orc priests
  A sleepcap (D:6)
  16 orc wizards
  12 adders
  26 gnolls
  A shadow imp (D:4)
  A white imp (D:6)
  A dart slug (D:2)
  82 orcs
  6 bats
  5 endoplasms
  3 giant cockroaches
  8 goblins
  6 hobgoblins
  10 jackals (D:3)
  7 quokkas
  8 ball pythons
  2 frilled lizards (D:1)
  19 kobolds
  11 rats
312 creatures vanquished.

Vanquished Creatures (collateral kills)
  A killer bee (D:6)
  3 foxfires
4 creatures vanquished.

Vanquished Creatures (others)
  837 foxfires
837 creatures vanquished.

Grand Total: 1153 creatures vanquished

Notes
Turn   | Place    | Note
-------+----------+-------------------------------------------
     0 | D:1      | Jarnaxa the Deep Elf Fire Elementalist began the quest for
                  | the Orb.
     0 | D:1      | Reached XP level 1. HP: 10/10 MP: 6/6
   220 | D:1      | You fall into a shaft and drop 1 floor!
   247 | D:1      | Reached XP level 2. HP: 15/15 MP: 4/8
  1031 | D:1      | Reached XP level 3. HP: 19/19 MP: 6/9
  1062 | D:1      | Identified 2 scrolls of acquirement
  1062 | D:1      | Acquired the Papyrus of Mutated Putrescence
  1063 | D:1      | Acquired 845 gold pieces
  1160 | D:2      | Learned a level 2 spell: Scorch
  1429 | D:2      | Found Fup Tec's General Store.
  1538 | D:2      | Found a faded altar of an unknown god.
  1841 | D:3      | Reached skill level 4 in Spellcasting
  2016 | D:3      | Reached XP level 4. HP: 23/24 MP: 9/12
  2050 | D:3      | Found a sparkling altar of Nemelex Xobeh.
  2082 | D:3      | Found a shadowy altar of Dithmenos.
  2481 | D:3      | Reached XP level 5. HP: 28/28 MP: 6/13
  2488 | D:3      | Reached skill level 5 in Spellcasting
  2726 | D:3      | Reached XP level 6. HP: 32/32 MP: 8/15
  3091 | D:3      | Reached skill level 5 in Fire Magic
  3268 | D:3      | Reached skill level 6 in Spellcasting
  3373 | D:3      | Reached XP level 7. HP: 36/36 MP: 11/18
  3833 | D:3      | Reached skill level 5 in Conjurations
  4149 | D:3      | Found a glowing golden altar of the Shining One.
  4594 | D:3      | Learned a level 3 spell: Mephitic Cloud
  4598 | D:3      | Learned a level 3 spell: Hailstorm
  4603 | D:3      | Learned a level 4 spell: Flame Wave
  4749 | D:4      | Found a staircase to the Ecumenical Temple.
  4840 | Temple   | Entered the Ecumenical Temple
  5255 | D:4      | Noticed Menkaure
  5263 | D:4      | Killed Menkaure
  5309 | D:4      | Found Uggu's Distillery.
  5443 | D:4      | Noticed Duvessa
  5445 | D:4      | Noticed Dowan
  5461 | D:4      | Killed Duvessa
  5462 | D:4      | Reached skill level 7 in Spellcasting
  5479 | D:4      | Killed Dowan
  5480 | D:4      | Reached XP level 8. HP: 17/41 MP: 15/21
  6181 | D:5      | Entered Level 5 of the Dungeon
  6323 | D:5      | Found a hazy altar of Hepliaklqana.
  6513 | D:5      | Reached skill level 8 in Spellcasting
  7369 | D:6      | Noticed a +0 short sword
  7369 | D:6      | Noticed a +0 spear
  7369 | D:6      | Noticed a +0 spear
  7369 | D:6      | Noticed a +0 dagger
  7370 | D:6      | Noticed a +0 falchion
  7371 | D:6      | Noticed a +0 dagger
  7409 | D:6      | Noticed a +0 falchion
  7436 | D:6      | Noticed a +0 short sword
  7437 | D:6      | Noticed a kobold demonologist
  7458 | D:6      | Killed a kobold demonologist
  7479 | D:6      | Found a hide-covered altar of Uskayaw.
  7556 | D:6      | Reached skill level 9 in Spellcasting
  7839 | D:6      | Found a radiant altar of Vehumet.
  7847 | D:6      | Became a worshipper of Vehumet
  7912 | D:6      | Reached XP level 9. HP: 45/45 MP: 18/24
  8645 | D:7      | Reached skill level 1 in Ice Magic
  9030 | D:7      | Reached * piety under Vehumet
  9030 | D:7      | Offered knowledge of Sandblast by Vehumet.
  9035 | D:7      | Learned a level 1 spell: Sandblast
  9086 | D:7      | Reached skill level 10 in Spellcasting
  9444 | D:7      | Found an iron altar of Okawaru.
  9513 | D:7      | Found a shimmering blue altar of Sif Muna.
  9669 | D:8      | Found a broken altar of Ashenzari.
  9839 | D:8      | Reached skill level 1 in Earth Magic
  9839 | D:8      | Reached skill level 1 in Poison Magic
  9850 | D:8      | Reached skill level 11 in Spellcasting
  9850 | D:8      | Reached XP level 10. HP: 45/50 MP: 2/27
  9855 | D:8      | Reached skill level 1 in Air Magic
 10075 | D:8      | Found a staircase to the Lair.
 10076 | D:8      | Noticed a fire crab
 10088 | D:8      | Killed a fire crab
 10088 | D:8      | Reached ** piety under Vehumet
 10278 | Lair:1   | Entered Level 1 of the Lair of Beasts
 10282 | Lair:1   | Reached skill level 10 in Conjurations
 10284 | Lair:1   | Noticed a cane toad
 10288 | Lair:1   | Offered knowledge of Searing Ray by Vehumet.
 10290 | Lair:1   | Killed a cane toad
 10296 | Lair:1   | Learned a level 2 spell: Searing Ray
 10302 | Lair:1   | Found a white marble altar of Elyvilon.
 10851 | D:8      | Reached skill level 12 in Spellcasting
 11177 | D:9      | Found an ornate altar of the Wu Jian Council.
 11201 | D:9      | Offered knowledge of Dazzling Flash by Vehumet.
 11437 | D:9      | Reached *** piety under Vehumet
 12054 | D:9      | Reached XP level 11. HP: 55/55 MP: 26/29
 12257 | D:9      | Offered knowledge of Sticky Flame by Vehumet.
 12441 | D:10     | Entered Level 10 of the Dungeon
 12443 | D:10     | Found a glowing silver altar of Zin.
 12636 | D:10     | Noticed a two-headed ogre
 12657 | D:10     | Killed a two-headed ogre
 12768 | D:10     | Learned a level 7 spell: Orb of Destruction
 12786 | D:10     | Noticed Nergalle
 12792 | D:10     | Noticed a two-headed ogre
 12793 | D:10     | Killed from afar by Nergalle

Illustrated notes

Levels and vault maps discovered:
D:1:      dpeg_arrival_stone_temple_mockup, layout_loops_ring
D:2:      layout_basic, hellmonk_ecumenical_altar_arch_garden, serial_shops,
          shop, kennysheep_generic_room_12
D:3:      lemuel_castle_with_subvaults [lemuel_castle_interior_carwin_3],
          layout_basic, mainiacjoe_overflow_cross_hatched,
          grunt_dithmenos_smoke_and_mirrors, nicolae_tso_swordbearing_angel
D:4:      layout_gridville, minmay_temple_entry_proselytizer, serial_shops,
          shop, nicolae_half_adder, uniq_menkaure, uniq_duvessa
D:5:      layout_cave_pods, amcnicky_altar_gilded, corner_web_ring,
          kennysheep_generic_room_3
D:6:      layout_rooms, nicolae_uskayaw_en_pointe, overflow_temple_1_default
D:7:      layout_loops_ring, general_overflow_altar,
          nicolae_sif_muna_little_library
D:8:      layout_loops_ring, ashenzari_altar_1, minmay_lair_entry_lava,
          serial_rivers, chequers_serial_rivers_large_a,
          chequers_serial_rivers_micro_c, chequers_serial_rivers_micro_a,
          chequers_serial_rivers_marsh, chequers_serial_rivers_small_3,
          hangedman_decor_opposing
D:9:      nicolae_cairo_tiling_large, layout_loops_cross,
          mainiacjoe_overflow_surrounded_room, st_stairs_2,
          serial_bayou_lagoon_a, nicolae_lava_and_water, grunt_ministairs_3
D:10:     layout_long_grid, mainiacjoe_overflow_24_doors,
          mainiacjoe_overflow_tiny_flanked, hiddenorc2_lemuel,
          minmay_misc_feat_nine_boxes, minmay_misc_feat_pillars, st_stairs_1,
          hangedman_decor_diamond_cutter, grunt_ministairs_1, uniq_nergalle
Temple:   eino_wide_crystal_templ
Lair:1:   layout_layer_cave, lemuel_oklob_altar

Skill      XL: |  1  2  3  4  5  6  7  8  9 10 |
---------------+-------------------------------+-----
Fire Magic     | 4 5 7 8 9 |  9.5
Spellcasting   | 4 5 6 7 9 11 12 | 12.9
Stealth        | 3 4 |  4.8
Conjurations   | 2 3 4 6 7 9 11 | 11.6
Dodging        | 3 |  3.5
Ice Magic      | 1 2 |  2.0
Earth Magic    | 1 2 |  2.0
Poison Magic   | 2 |  2.2
Air Magic      | 1 |  1.6
Fighting       | |  0.5
Evocations     | |  0.1

Action                     |  1- 3 |  4- 6 |  7- 9 | 10-12 || total
---------------------------+-------+-------+-------+-------++-------
  Melee: Staff             |       |       |     1 |       ||     1
   Cast: Foxfire           |    77 |   132 |   240 |   103 ||   552
         Scorch            |     5 |       |    38 |     9 ||    52
         Mephitic Cloud    |       |       |    13 |     5 ||    18
         Flame Wave        |       |       |    14 |    14 ||    28
         Hailstorm         |       |       |     9 |    14 ||    23
         Sandblast         |       |       |     4 |     8 ||    12
         Searing Ray       |       |       |       |    11 ||    11
         Orb of Destructio |       |       |       |     1 ||     1
  Evoke: Wand              |       |       |     1 |     3 ||     4
    Use: Scroll            |     6 |     1 |     9 |     6 ||    22
         Potion            |       |       |     2 |     2 ||     4
 Armour: Robe              |     8 |       |    11 |     6 ||    25
  Dodge: Dodged            |    24 |    11 |    24 |    35 ||    94
